 Dungeon Crawl Stone Soup version 0.26-a0-812-g31a745ddcd (webtiles) character file.

Game seed: 2177232732806471995

43 kae the Insei (level 3, -2/20 HPs)
             Began as a Tengu Transmuter on Nov 16, 2020.
             Slain by a gnoll
             ... wielding a +0 spear
              (3 damage)
             ... on level 2 of the Dungeon.
             The game lasted 00:00:45 (1454 turns).

kae the Insei (Tengu Transmuter)                    Turns: 1454, Time: 00:00:45

Health: -2/20      AC:  2    Str: 11    XL:     3   Next: 58%
Magic:  7/7        EV: 12    Int: 13    God:
Gold:   116        SH:  0    Dex: 14    Spells: 2/6 levels left

rFire    . . .     SeeInvis .     - Unarmed
rCold    . . .     Faith    .   (no shield)
rNeg     . . .     Spirit   .   a - +0 robe
rPois    .         Reflect  .   (helmet currently unavailable)
rElec    .         Harm     .   (no cloak)
rCorr    .         Rampage  .   (no gloves)
MR       .....                  (boots unavailable)
Stlth    +.........             (no amulet)
HPRegen  0.06/turn              (no ring)
MPRegen  0.10/turn              (no ring)

@: appendages (expiring)
A: beak, horns 2, talons 3
a: End Transformation


You were on level 2 of the Dungeon.
You had grown temporary horns.
You visited 1 branch of the dungeon, and saw 2 of its levels.

You collected 116 gold pieces.

Inventory:

Armour
 a - a +0 robe (worn)
Jewellery
 d - a +4 ring of evasion {unknown}
 e - an uncursed amulet of faith {unknown}
Scrolls
 b - 2 scrolls of identify
 f - a scroll of remove curse
Potions
 c - a potion of attraction {unknown}


   Skills:
 - Level 1.0 Fighting
 - Level 2.1 Dodging
 + Level 3.8 Unarmed Combat
 - Level 2.0 Spellcasting
 * Level 2.7 Transmutations


You had 2 spell levels left.
You knew the following spells:

 Your Spells              Type           Power        Failure   Level
a - Beastly Appendage     Tmut           #.....       9%          1
b - Spider Form           Tmut/Pois      #.........   41%         3

Your spell library contained the following spells:

 Spells                   Type           Power        Failure   Level
 Wereblood                Tmut           #.......     12%         2
 Ice Form                 Ice/Tmut       #.......     82%         4
 Blade Hands              Tmut           #.........   92%         5


Dungeon Overview and Level Annotations

Branches:
Dungeon (2/15)

Altars:


Innate Abilities, Weirdness & Mutations

You have a beak for a mouth.
You have claws for feet.
You have a pair of horns on your head.


Message History

You grow a pair of large bovine horns.
The gnoll shouts!
You hear a shout!
A gnoll comes into view. It is wielding a +0 spear.
The gnoll shouts!
The gnoll hits you from afar with a +0 spear!
The gnoll hits you with a +0 spear.
* * * LOW HITPOINT WARNING * * *
You are too injured to fight recklessly!
The gnoll throws a stone.
The stone barely misses you.
The gnoll throws a stone.
The stone hits you.
* * * LOW HITPOINT WARNING * * *
You see here a stone.
A giant cockroach comes into view.
Okay, then.
As you read the scroll labelled DAWNEBR FYIV, it crumbles to dust.
It is a scroll of identify.
f - a scroll of remove curse Your transformation is almost over.
The gnoll hits you from afar with a +0 spear.
You die...

..............#####
... ##g....### ....
#.....#
....##.g...####
.......†........#
........(.......#
........g.......#
#####.....(....?#
#...@.......#
#.........####
#.........#
#.........#
#.........#
#.........#
..B.......#
##.........#


You could see 3 gnolls and a giant cockroach.

Vanquished Creatures
  An adder (D:2)
  2 dart slugs (D:1)
  2 leopard geckos
  3 bats
  3 goblins
  2 hobgoblins
  3 jackals (D:1)
  A quokka (D:2)
  A ball python (D:2)
  2 frilled lizards
  4 kobolds (D:1)
  4 rats (D:1)
28 creatures vanquished.

Vanquished Creatures (others)
  14 plants (D:1)
14 creatures vanquished.

Grand Total: 42 creatures vanquished

Notes
Turn   | Place    | Note
-------+----------+-------------------------------------------
     0 | D:1      | kae the Tengu Transmuter began the quest for the Orb.
     0 | D:1      | Reached XP level 1. HP: 12/12 MP: 4/4
   149 | D:1      | Reached XP level 2. HP: 14/16 MP: 4/6
   525 | D:1      | Reached XP level 3. HP: 5/20 MP: 5/7
   532 | D:1      | Learned a level 3 spell: Spider Form
  1450 | D:2      | HP: 1/20 [gnoll/stone (5)]
  1454 | D:2      | Slain by a gnoll

Illustrated notes

Levels and vault maps discovered:
D:1:      roderic_crop_circles_arrival_small, layout_rooms
D:2:      layout_basic, ashenzari_conservatory_becter, uniq_terence

Skill      XL: |  1 |
---------------+----+-----
Transmutations | 2 |  2.7
Fighting       | |  1.0
Dodging        | |  2.1
Unarmed Combat | |  3.8
Spellcasting   | |  2.0

Action                   || total
-------------------------++-------
Melee: Unarmed           ||    94
       Kick              ||    27
       Peck              ||    12
       Punch             ||     2
       Headbutt          ||     5
 Cast: Beastly Appendage ||    13
  Use: Scroll            ||     1
Armor: Robe              ||    15
Dodge: Dodged            ||    45

Table legend: (Time is in decaauts)
 A = Elapsed time spent in this place.
 B = Non-inter-level travel time spent in this place.
 C = Inter-level travel time spent in this place.
 D = Time resting spent in this place.
 E = Time spent auto-exploring this place.
 F = Levels seen in this place.
 G = Mean time per level.
                   A        B        C        D        E       F      G
               +--------+--------+--------+--------+--------+-----+--------+
         Total |   1448 |   1420 |     28 |      3 |   1201 |   2 |  724.0 |
       Dungeon |   1448 |   1420 |     28 |      3 |   1201 |   2 |  724.0 |
               +--------+--------+--------+--------+--------+-----+--------+

Top non-repeatable levels by time:
     D:1: 911 daAuts
     D:2: 537 daAuts
